General information
- name: BNet
- type: Ladder team game (AT/RT)
- host: Battle.net
- saver:
map: Deathknell
- players: 8
- length: 49:02
- speed: Fast
- version: 1.26 W3XP
- replay type: Public
» download(259 KB)
Players
team 1 (winner)
FASTDRAGONS (
yellow | 40 APM | 1866 actions | 47:01)
4 Death Knight
2 Death Coil
2 Unholy Aura
2 Lich
1 Frost Nova
1 Frost Armor
2 Crypt Lord
1 Impale
1 Spiked Carapace
» actions
| Build / train | 47 | |
| Enter build submenu | 22 | |
| Enter hero's abilities submenu | 8 | |
| Give item / drop item | 4 | |
| Right click | 1285 | |
| Select / deselect | 417 | |
| Use ability | 82 | |
1866 total
» units
| Acolyte | 5 | |
| Ghoul | 2 | |
| Crypt Fiend | 9 | |
| Frost Wyrm | 5 | |
| Obsidian Statue | 2 | |
| Gargoyle | 1 | |
24 total
» upgrades
| Creature Attack | 1 | |
| Web | 1 | |
| Creature Carapace | 1 | |
| Destroyer Form | 1 | |
4 total
» buildings
| Graveyard | 1 | |
| Crypt | 2 | |
| Ziggurat | 8 | |
| Altar of Darkness | 1 | |
| Tomb of Relics | 1 | |
| Halls of the Dead | 1 | |
| Black Citadel | 1 | |
| Slaughterhouse | 1 | |
| Sacrificial Pit | 1 | |
| Boneyard | 2 | |
19 total
» build order
00:16 Graveyard
00:27 Crypt
00:43 Ziggurat
01:01 Altar of Darkness
01:23 Crypt
01:54 Ziggurat
02:18 Tomb of Relics
04:52 Ziggurat
04:54 Halls of the Dead
07:55 Ziggurat
08:01 Ziggurat
08:18 Black Citadel
09:00 Slaughterhouse
09:06 Ziggurat
09:40 Sacrificial Pit
11:01 Boneyard
13:44 Boneyard
16:51 Ziggurat
16:56 Ziggurat
» items
| Rod of Necromancy | 3 | |
| Dust of Appearance | 2 | |
| Potion of Healing | 1 | |
6 total
TeamkillerCrew (
pink | 88 APM | 4298 actions | 49:02)
8 Archmage
3 Summon Water Elemental
3 Brilliance Aura
1 Mass Teleport
1 Blizzard
» actions
| Assign group hotkey | 189 | |
| Basic commands | 240 | |
| Build / train | 231 | |
| ESC pressed | 14 | |
| Enter build submenu | 61 | |
| Enter hero's abilities submenu | 8 | |
| Give item / drop item | 10 | |
| Right click | 1393 | |
| Select / deselect | 654 | |
| Select group hotkey | 1174 | |
| Use ability | 324 | |
4298 total
» units
| Peasant | 21 | |
| Footman | 5 | |
| Goblin Shredder | 3 | |
| Goblin Zeppelin | 4 | |
| Gryphon Rider | 4 | |
| Dragonhawk Rider | 5 | |
| Goblin Sapper | 8 | |
| Siege Engine | 1 | |
51 total
» upgrades
| Masonry | 3 | |
| Swords | 3 | |
| Armor | 3 | |
| Animal War Training | 1 | |
| Cloud | 1 | |
| Lumber Harvesting | 2 | |
| Storm Hammers | 1 | |
| Backpack | 1 | |
| Gunpowder | 3 | |
| Plating | 3 | |
| Defend | 1 | |
| Long Rifles | 1 | |
| Flak Cannons | 1 | |
| Flying Machine Bombs | 1 | |
| Fragmentation Shards | 1 | |
| Flare | 1 | |
| Barrage | 1 | |
28 total
» buildings
| Altar of Kings | 1 | |
| Barracks | 1 | |
| Farm | 5 | |
| Arcane Vault | 1 | |
| Town Hall | 5 | |
| Lumber Mill | 1 | |
| Keep | 5 | |
| Scout Tower | 42 | |
| Guard Tower | 77 | |
| Blacksmith | 1 | |
| Castle | 4 | |
| Gryphon Aviary | 4 | |
| Workshop | 4 | |
151 total
» build order
00:53 Altar of Kings
00:57 Barracks
00:58 Farm
01:05 Farm
01:38 Farm
02:04 Arcane Vault
02:42 Farm
03:57 Town Hall
04:34 Lumber Mill
05:17 Keep
05:17 Keep
05:17 Keep
05:23 Scout Tower
05:23 Scout Tower
05:24 Scout Tower
05:25 Scout Tower
05:26 Scout Tower
05:58 Guard Tower
05:59 Guard Tower
05:59 Guard Tower
06:53 Blacksmith
06:58 Guard Tower
08:16 Castle
08:16 Castle
08:50 Farm
10:16 Guard Tower
10:38 Town Hall
10:42 Scout Tower
10:44 Scout Tower
10:45 Scout Tower
10:45 Scout Tower
11:16 Scout Tower
11:17 Scout Tower
11:24 Guard Tower
11:24 Guard Tower
11:27 Gryphon Aviary
11:29 Gryphon Aviary
11:36 Scout Tower
11:39 Scout Tower
11:41 Scout Tower
11:41 Guard Tower
11:41 Guard Tower
11:42 Guard Tower
11:44 Guard Tower
11:45 Guard Tower
11:45 Guard Tower
11:47 Guard Tower
11:47 Guard Tower
11:47 Guard Tower
12:06 Guard Tower
12:06 Guard Tower
12:07 Scout Tower
12:16 Guard Tower
12:16 Guard Tower
12:16 Guard Tower
12:23 Guard Tower
12:23 Guard Tower
12:25 Scout Tower
12:41 Guard Tower
12:41 Guard Tower
12:56 Guard Tower
12:56 Guard Tower
12:58 Scout Tower
13:06 Scout Tower
13:09 Scout Tower
13:14 Scout Tower
13:15 Scout Tower
13:16 Scout Tower
13:17 Scout Tower
13:18 Scout Tower
13:29 Guard Tower
13:29 Guard Tower
13:34 Guard Tower
13:39 Guard Tower
13:40 Guard Tower
14:07 Scout Tower
14:08 Scout Tower
14:09 Scout Tower
14:09 Scout Tower
14:10 Scout Tower
14:12 Scout Tower
14:36 Guard Tower
15:02 Guard Tower
15:02 Guard Tower
15:02 Guard Tower
15:30 Guard Tower
15:30 Guard Tower
15:40 Gryphon Aviary
19:25 Gryphon Aviary
19:31 Scout Tower
19:32 Scout Tower
19:33 Scout Tower
19:34 Scout Tower
20:13 Guard Tower
23:51 Scout Tower
23:52 Scout Tower
23:54 Scout Tower
23:55 Scout Tower
23:57 Scout Tower
24:01 Scout Tower
24:12 Scout Tower
24:13 Scout Tower
24:24 Guard Tower
24:25 Guard Tower
24:25 Guard Tower
24:26 Guard Tower
24:26 Guard Tower
24:26 Guard Tower
24:28 Guard Tower
24:28 Guard Tower
24:28 Guard Tower
25:05 Guard Tower
25:06 Guard Tower
25:06 Guard Tower
28:11 Town Hall
28:19 Town Hall
29:36 Town Hall
30:28 Workshop
30:30 Workshop
30:32 Workshop
30:32 Workshop
» items
| Scroll of Regeneration | 8 | |
| Mechanical Critter | 3 | |
| Scroll of Town Portal | 2 | |
| Ivory Tower | 3 | |
| Staff of Sanctuary | 1 | |
| Orb of Fire | 1 | |
18 total

»
Les_Barbares (
blue | 38 APM | 1006 actions | 26:29)
4 Priestess of the Moon
2 Trueshot Aura
2 Searing Arrows
3 Keeper of the Grove
1 Force of Nature
1 Entangling Roots
1 Thorns Aura
» actions
| Assign group hotkey | 29 | |
| Basic commands | 19 | |
| Build / train | 101 | |
| ESC pressed | 1 | |
| Enter build submenu | 31 | |
| Enter hero's abilities submenu | 7 | |
| Remove unit from queue | 2 | |
| Right click | 221 | |
| Select / deselect | 350 | |
| Select group hotkey | 176 | |
| Use ability | 69 | |
1006 total
» units
| Wisp | 34 | |
| Archer | 26 | |
| Druid of the Talon | 14 | |
| Ice Troll Trapper | 1 | |
75 total
» upgrades
| Druid of the Talon Training | 2 | |
| Strength of the Moon | 1 | |
| Mark of the Talon | 1 | |
| Nature's Blessing | 1 | |
| Moon Armor | 1 | |
| Well Spring | 1 | |
| Improved Bows | 1 | |
| Marksmanship | 1 | |
| Strength of the Wild | 1 | |
| Reinforced Hides | 1 | |
| Ultravision | 1 | |
12 total
» buildings
| Moon Well | 7 | |
| Altar of Elders | 1 | |
| Ancient of War | 1 | |
| Ancient of Wonders | 1 | |
| Tree of Ages | 1 | |
| Hunter's Hall | 1 | |
| Ancient of Wind | 2 | |
| Ancient Protector | 8 | |
| Tree of Eternity | 1 | |
| Tree of Life | 3 | |
26 total
» build order
00:10 Moon Well
00:21 Altar of Elders
00:50 Ancient of War
01:28 Moon Well
01:55 Ancient of Wonders
03:44 Moon Well
04:02 Tree of Ages
04:27 Hunter's Hall
05:30 Moon Well
07:10 Ancient of Wind
07:19 Ancient Protector
07:21 Ancient Protector
07:49 Ancient of Wind
09:09 Tree of Eternity
10:23 Tree of Life
16:15 Moon Well
16:19 Moon Well
16:25 Ancient Protector
16:28 Ancient Protector
16:31 Ancient Protector
16:51 Ancient Protector
19:10 Ancient Protector
19:17 Moon Well
19:24 Ancient Protector
22:27 Tree of Life
23:08 Tree of Life
» items
MaBaT (
teal | 22 APM | 541 actions | 24:34)
2 Archmage
1 Brilliance Aura
1 Summon Water Elemental
» actions
| Basic commands | 12 | |
| Build / train | 104 | |
| ESC pressed | 1 | |
| Enter build submenu | 17 | |
| Enter hero's abilities submenu | 1 | |
| Right click | 215 | |
| Select / deselect | 167 | |
| Use ability | 24 | |
541 total
» units
» buildings
| Barracks | 2 | |
| Farm | 8 | |
| Lumber Mill | 1 | |
| Altar of Kings | 1 | |
| Town Hall | 2 | |
| Keep | 1 | |
15 total
» build order
00:33 Barracks
00:45 Barracks
01:42 Farm
01:48 Farm
02:46 Lumber Mill
03:27 Farm
03:35 Farm
03:57 Altar of Kings
05:14 Farm
09:26 Town Hall
10:46 Keep
11:23 Farm
11:27 Farm
11:31 Farm
19:33 Town Hall
team 2 (loser)
Pizarro (
red | 41 APM | 2012 actions | 49:02)
9 Blademaster
3 Wind Walk
3 Critical Strike
1 Bladestorm
2 Mirror Image
» actions
| Assign group hotkey | 15 | |
| Basic commands | 115 | |
| Build / train | 76 | |
| Enter build submenu | 63 | |
| Enter hero's abilities submenu | 10 | |
| Give item / drop item | 19 | |
| Remove unit from queue | 1 | |
| Right click | 1057 | |
| Select / deselect | 340 | |
| Select group hotkey | 142 | |
| Use ability | 174 | |
2012 total
» units
| Peon | 11 | |
| Grunt | 4 | |
| Goblin Shredder | 5 | |
| Goblin Zeppelin | 3 | |
| Goblin Sapper | 3 | |
26 total
» upgrades
| Ranged Weapons | 4 | |
| Armor | 3 | |
| Reinforced Defenses | 1 | |
| Envenomed Spears | 1 | |
| Troll Regeneration | 1 | |
| Burning Oil | 1 | |
| Ensnare | 1 | |
| Liquid Fire | 1 | |
13 total
» buildings
| Orc Burrow | 4 | |
| Altar of Storms | 1 | |
| Barracks | 1 | |
| Voodoo Lounge | 2 | |
| Stronghold | 1 | |
| War Mill | 2 | |
| Great Hall | 4 | |
| Watch Tower | 43 | |
| Fortress | 1 | |
| Beastiary | 3 | |
62 total
» build order
00:12 Orc Burrow
00:50 Altar of Storms
00:51 Barracks
01:08 Orc Burrow
01:42 Voodoo Lounge
03:00 Stronghold
03:50 War Mill
04:23 Orc Burrow
05:22 Great Hall
05:27 Watch Tower
05:27 Watch Tower
05:28 Watch Tower
06:11 Orc Burrow
07:24 Great Hall
07:26 Watch Tower
07:43 Watch Tower
07:43 Watch Tower
07:43 Watch Tower
08:44 Voodoo Lounge
08:51 Watch Tower
08:52 Watch Tower
08:54 Watch Tower
09:08 Fortress
10:36 Beastiary
10:37 Beastiary
10:51 War Mill
11:00 Beastiary
11:32 Watch Tower
11:33 Watch Tower
11:36 Watch Tower
11:40 Watch Tower
19:01 Watch Tower
19:02 Watch Tower
19:02 Watch Tower
19:03 Watch Tower
19:03 Watch Tower
19:39 Watch Tower
19:40 Watch Tower
19:42 Watch Tower
19:44 Watch Tower
19:46 Watch Tower
20:50 Watch Tower
20:56 Watch Tower
20:58 Watch Tower
21:00 Watch Tower
21:01 Watch Tower
21:06 Watch Tower
21:44 Watch Tower
21:44 Watch Tower
21:45 Watch Tower
21:46 Watch Tower
21:46 Watch Tower
22:47 Great Hall
24:50 Great Hall
25:21 Watch Tower
25:22 Watch Tower
25:22 Watch Tower
25:22 Watch Tower
25:25 Watch Tower
25:25 Watch Tower
25:26 Watch Tower
25:26 Watch Tower
» items
| Healing Salve | 7 | |
| Orb of Lightning | 1 | |
| Scroll of Town Portal | 1 | |
| Potion of Healing | 7 | |
| Potion of Mana | 4 | |
| Lesser Clarity Potion | 4 | |
24 total

»
GOD_HAND_RIKKU (
orange | 48 APM | 2354 actions | 49:02)
8 Mountain King
3 Storm Bolt
3 Bash
1 Avatar
1 Thunder Clap
» actions
| Assign group hotkey | 56 | |
| Basic commands | 89 | |
| Build / train | 99 | |
| Enter build submenu | 30 | |
| Enter hero's abilities submenu | 8 | |
| Give item / drop item | 10 | |
| Right click | 896 | |
| Select / deselect | 290 | |
| Select group hotkey | 735 | |
| Use ability | 141 | |
2354 total
» units
| Peasant | 14 | |
| Footman | 4 | |
| Goblin Shredder | 2 | |
| Gryphon Rider | 4 | |
| Sorceress | 4 | |
| Mortar Team | 6 | |
| Goblin Sapper | 4 | |
38 total
» upgrades
| Masonry | 3 | |
| Lumber Harvesting | 2 | |
| Swords | 3 | |
| Armor | 3 | |
| Storm Hammers | 1 | |
| Animal War Training | 1 | |
| Barrage | 1 | |
| Flare | 1 | |
| Flying Machine Bombs | 1 | |
| Flak Cannons | 1 | |
| Fragmentation Shards | 1 | |
| Sorceress Training | 2 | |
20 total
» buildings
| Altar of Kings | 1 | |
| Barracks | 1 | |
| Farm | 13 | |
| Scout Tower | 25 | |
| Arcane Tower | 1 | |
| Arcane Vault | 1 | |
| Lumber Mill | 3 | |
| Town Hall | 1 | |
| Guard Tower | 11 | |
| Keep | 1 | |
| Blacksmith | 1 | |
| Castle | 1 | |
| Gryphon Aviary | 4 | |
| Workshop | 1 | |
| Arcane Sanctum | 1 | |
66 total
» build order
00:09 Altar of Kings
00:21 Barracks
00:35 Farm
00:50 Farm
01:29 Farm
01:36 Scout Tower
02:12 Arcane Tower
02:33 Arcane Vault
03:02 Farm
03:14 Lumber Mill
03:55 Town Hall
03:58 Scout Tower
03:59 Scout Tower
03:59 Scout Tower
04:00 Scout Tower
04:31 Guard Tower
05:11 Guard Tower
06:50 Keep
07:13 Scout Tower
07:13 Scout Tower
07:14 Scout Tower
07:15 Scout Tower
07:16 Scout Tower
07:50 Scout Tower
07:51 Scout Tower
07:51 Scout Tower
07:51 Scout Tower
07:52 Scout Tower
07:55 Guard Tower
08:33 Guard Tower
08:37 Blacksmith
08:47 Scout Tower
09:03 Farm
09:04 Farm
09:04 Farm
09:12 Castle
09:43 Guard Tower
09:48 Gryphon Aviary
09:52 Gryphon Aviary
10:27 Guard Tower
10:27 Guard Tower
10:49 Lumber Mill
11:10 Farm
11:10 Farm
11:33 Gryphon Aviary
12:32 Gryphon Aviary
14:00 Scout Tower
14:00 Scout Tower
14:01 Scout Tower
14:01 Scout Tower
14:35 Guard Tower
14:38 Workshop
14:45 Scout Tower
14:45 Scout Tower
14:45 Scout Tower
14:49 Farm
14:49 Farm
15:03 Lumber Mill
15:56 Guard Tower
16:24 Farm
35:20 Arcane Sanctum
» items
| Scroll of Regeneration | 4 | |
| Healing Salve | 2 | |
| Lesser Clarity Potion | 4 | |
| Orb of Lightning | 1 | |
| Potion of Mana | 2 | |
| Potion of Healing | 3 | |
| Scroll of Town Portal | 2 | |
18 total

»
LeTigreBolivien (
purple | 23 APM | 1139 actions | 49:02)
5 Demon Hunter
3 Evasion
2 Immolation
2 Priestess of the Moon
2 Trueshot Aura
» actions
| Assign group hotkey | 4 | |
| Basic commands | 155 | |
| Build / train | 129 | |
| Enter build submenu | 15 | |
| Enter hero's abilities submenu | 8 | |
| Remove unit from queue | 5 | |
| Right click | 369 | |
| Select / deselect | 317 | |
| Select group hotkey | 46 | |
| Use ability | 89 | |
1139 total
» units
| Wisp | 31 | |
| Archer | 14 | |
| Goblin Shredder | 3 | |
| Druid of the Talon | 4 | |
| Peasant | 12 | |
| Footman | 5 | |
69 total
» upgrades
| Improved Bows | 1 | |
| Marksmanship | 1 | |
| Strength of the Moon | 3 | |
| Moon Armor | 3 | |
| Druid of the Talon Training | 2 | |
| Mark of the Talon | 1 | |
11 total
» buildings
| Moon Well | 9 | |
| Altar of Elders | 1 | |
| Ancient of War | 6 | |
| Tree of Ages | 3 | |
| Tree of Life | 3 | |
| Tree of Eternity | 6 | |
| Hunter's Hall | 2 | |
| Ancient of Wind | 3 | |
| Ancient Protector | 7 | |
40 total
» build order
00:22 Moon Well
00:35 Altar of Elders
02:02 Ancient of War
02:13 Ancient of War
02:14 Ancient of War
02:16 Ancient of War
02:16 Ancient of War
02:23 Ancient of War
03:47 Tree of Ages
03:47 Tree of Ages
04:27 Tree of Life
05:30 Moon Well
05:31 Moon Well
05:32 Moon Well
06:32 Tree of Eternity
06:32 Tree of Eternity
06:33 Tree of Eternity
06:33 Tree of Eternity
08:23 Hunter's Hall
08:25 Hunter's Hall
09:41 Moon Well
09:44 Moon Well
09:45 Moon Well
09:48 Moon Well
09:49 Moon Well
12:25 Ancient of Wind
12:28 Ancient of Wind
13:46 Ancient of Wind
17:19 Tree of Life
22:39 Ancient Protector
22:40 Ancient Protector
22:40 Ancient Protector
22:40 Ancient Protector
22:41 Ancient Protector
22:41 Ancient Protector
22:42 Ancient Protector
23:29 Tree of Life
» items
| Scroll of Speed | 2 | |
| Orb of Lightning | 1 | |
| Tiny Great Hall | 1 | |
| Scroll of Town Portal | 1 | |
5 total

»
pakforce123 (
green | 45 APM | 1414 actions | 31:36)
4 Blood Mage
2 Flame Strike
2 Siphon Mana
3 Paladin
1 Holy Light
2 Divine Shield
» actions
| Assign group hotkey | 24 | |
| Basic commands | 39 | |
| Build / train | 106 | |
| Enter build submenu | 25 | |
| Enter hero's abilities submenu | 7 | |
| Remove unit from queue | 13 | |
| Right click | 546 | |
| Select / deselect | 275 | |
| Select group hotkey | 289 | |
| Use ability | 90 | |
1414 total
» units
| Peasant | 14 | |
| Footman | 11 | |
| Gryphon Rider | 2 | |
| Knight | 2 | |
| Dragonhawk Rider | 5 | |
| Spell Breaker | 3 | |
37 total
» upgrades
| Defend | 1 | |
| Animal War Training | 1 | |
| Cloud | 1 | |
| Storm Hammers | 1 | |
| Lumber Harvesting | 1 | |
5 total
» buildings
| Altar of Kings | 1 | |
| Farm | 8 | |
| Barracks | 1 | |
| Arcane Vault | 1 | |
| Blacksmith | 1 | |
| Scout Tower | 3 | |
| Lumber Mill | 1 | |
| Arcane Tower | 2 | |
| Guard Tower | 6 | |
| Keep | 5 | |
| Castle | 1 | |
| Gryphon Aviary | 2 | |
| Town Hall | 2 | |
| Arcane Sanctum | 2 | |
36 total
» build order
00:37 Altar of Kings
00:44 Farm
00:58 Barracks
01:11 Farm
01:56 Farm
02:10 Arcane Vault
02:46 Blacksmith
03:05 Scout Tower
03:11 Scout Tower
03:16 Lumber Mill
03:54 Arcane Tower
03:54 Arcane Tower
05:06 Guard Tower
05:08 Farm
05:12 Scout Tower
05:41 Guard Tower
05:42 Guard Tower
05:42 Guard Tower
06:46 Keep
06:46 Keep
09:31 Castle
09:44 Gryphon Aviary
09:47 Gryphon Aviary
09:52 Farm
09:54 Farm
09:55 Farm
09:57 Farm
19:37 Town Hall
21:14 Town Hall
24:57 Keep
24:58 Keep
27:38 Arcane Sanctum
28:55 Arcane Sanctum
» items
| Scroll of Regeneration | 5 | |
| Scroll of Town Portal | 1 | |
6 total
Chat log
(00:18 / All) GOD_HAND_RIKKU: just a spic
(01:39 / Allies) Pizarro: Gold? Wood?
(01:53 / Allies) LeTigreBolivien: YEAH WHY NOT GIVE PLEASE
(02:07 / Allies) Pizarro: No, you misunderstand
(02:24 / Allies) Pizarro: I want YOU to give ME your gold and lumber, where it will be better and more expertly used
(02:24 / Allies) GOD_HAND_RIKKU: that is ur expo purple
(02:39 / Allies) GOD_HAND_RIKKU: green come
(02:40 / Allies) GOD_HAND_RIKKU: help me
(02:44 / Allies) Pizarro: What a faggot
(02:53 / Allies) pakforce123: ok
(02:58 / Allies) Pizarro: Tries to claim the inside one like that
(04:07 / Allies) GOD_HAND_RIKKU: wood
(04:15 / Allies) LeTigreBolivien: YES GIVE PLEASE
(04:18 / Allies) pakforce123: gold
(04:59 / Allies) pakforce123: fkkk
(05:16 / Allies) pakforce123: incoming
(06:06 / Allies) LeTigreBolivien: LOL OJ DOESNT CARE
(06:07 / Allies) LeTigreBolivien: I LIKE
(06:10 / Allies) pakforce123: helop? foosl
(06:13 / Allies) LeTigreBolivien: RED TO
(06:49 / Allies) Pizarro: I needl umber
(07:20 / All) Pizarro: I hate purple's guts
(07:23 / Allies) GOD_HAND_RIKKU: 200 wood green?
(07:25 / All) GOD_HAND_RIKKU: lol
(07:32 / Allies) LeTigreBolivien: OMW RED
(07:55 / All) Pizarro: just masses fiends every game but sucks ass
(08:03 / All) FASTDRAGONS: lol
(08:06 / All) GOD_HAND_RIKKU: hes a spic
(08:17 / All) Pizarro: I forgot baout that shreeddar place
(09:00 / Allies) Pizarro: lumber
(09:55 / Allies) LeTigreBolivien: FUCK THUNDER
(09:57 / Allies) LeTigreBolivien: GOING DOWN
(10:21 / Allies) GOD_HAND_RIKKU: meet
(11:09 / Allies) LeTigreBolivien: GOOGOG
(11:19 / Allies) GOD_HAND_RIKKU: come green
(11:21 / Allies) GOD_HAND_RIKKU: ingore pink
(12:48 / Allies) GOD_HAND_RIKKU: pretty sure i didnt
(13:25 / Allies) GOD_HAND_RIKKU: they can see u
(13:26 / Allies) GOD_HAND_RIKKU: bob
(13:35 / Allies) Pizarro: I know
(13:42 / Allies) Pizarro: but purple was blocking them
(13:56 / Allies) LeTigreBolivien: MAKE
(13:59 / Allies) LeTigreBolivien: FUCKING
(14:00 / Allies) LeTigreBolivien: SIEGE
(14:02 / Allies) pakforce123: wood
(14:03 / Allies) pakforce123: gold
(14:03 / Allies) GOD_HAND_RIKKU: ok
(14:10 / Allies) LeTigreBolivien: NOT
(14:11 / Allies) LeTigreBolivien: U
(14:17 / Allies) LeTigreBolivien: GREEN NOOB
(14:36 / Allies) pakforce123: got coud
(14:40 / Allies) pakforce123: can some comne come herlp
(14:48 / Allies) LeTigreBolivien: FUCK IT
(14:51 / Allies) LeTigreBolivien: HELP US
(14:57 / Allies) LeTigreBolivien: THEY NOOB DOWN HERE
(15:04 / Allies) pakforce123: ok
(15:06 / Allies) pakforce123: gold me fast
(15:29 / Allies) LeTigreBolivien: TO THE TOWER
(15:50 / Allies) LeTigreBolivien: GOLD ME
(15:51 / Allies) Pizarro: let's go!
(15:52 / Allies) LeTigreBolivien: OJ
(15:55 / Allies) LeTigreBolivien: OR MORE UNITS
(15:56 / Allies) LeTigreBolivien: COMON
(16:12 / Allies) pakforce123: \just go morons
(17:06 / All) Pizarro: jesus
(17:19 / All) GOD_HAND_RIKKU: what
(17:22 / All) GOD_HAND_RIKKU: shredder?
(18:22 / All) GOD_HAND_RIKKU: LOL
(18:25 / Allies) LeTigreBolivien: REBUILD
(18:34 / Allies) LeTigreBolivien: GOLD ME OJ
(18:36 / Allies) LeTigreBolivien: PLEASE3
(18:44 / Allies) Pizarro: wtf
(18:48 / Allies) Pizarro: I had peons there
(18:53 / Allies) Pizarro: canncel it
(18:58 / Allies) LeTigreBolivien: DUDE I BUILD WAY BEFORE U
(19:07 / Allies) Pizarro: SO WAAHJT FUCKER
(19:09 / Allies) Pizarro: I AHD PEONS THERE
(19:15 / Allies) LeTigreBolivien: GO THERE
(19:23 / Allies) pakforce123: thats mine bitch
(19:24 / Allies) Pizarro: obviously my intention was to take it piece of shit
(19:27 / Allies) LeTigreBolivien: DUDE
(19:29 / Allies) LeTigreBolivien: I WAS
(19:30 / Allies) LeTigreBolivien: THERE
(19:32 / Allies) LeTigreBolivien: BEFORE
(19:33 / Allies) LeTigreBolivien: YOU
(20:51 / Allies) pakforce123: \wood
(20:59 / All) TeamkillerCrew: why'd you send those wisps lol
(21:25 / Allies) pakforce123: oj
(21:26 / Allies) pakforce123: gold plz
(21:49 / Allies) pakforce123: comeon man u have 5k
(21:50 / Allies) pakforce123: wtf
(21:54 / Allies) GOD_HAND_RIKKU: who?
(21:59 / Allies) pakforce123: u
(22:00 / Allies) LeTigreBolivien: AND OJ WAY MORE
(22:05 / Allies) Pizarro: lumber
(22:20 / Allies) pakforce123: gold me man
(22:29 / Allies) pakforce123: really
(22:35 / Allies) GOD_HAND_RIKKU: how much
(22:36 / Allies) pakforce123: 100
(23:00 / Allies) LeTigreBolivien: JJ
(23:07 / Allies) pakforce123: ,ove\
(23:07 / All) LeTigreBolivien: gg RED TK
(23:38 / All) pakforce123: OJ U FUKIN NOOB
(23:39 / Allies) Pizarro: You owe me gold
(23:45 / All) LeTigreBolivien: RED AND OJ TK LOL LOL LOL
(24:00 / All) GOD_HAND_RIKKU: god damn mexican
(24:02 / Allies) Pizarro: You owe me gold purple
(24:05 / All) pakforce123: Wtf i sworngwoth u
(24:25 / Allies) LeTigreBolivien: 2 LVL 1 i knew it hahaha noob lol
(24:37 / All) pakforce123: w
(25:12 / Allies) Pizarro: purple I want the gold you stole from my gold mine
(25:26 / Allies) LeTigreBolivien: you'll have nothing lol
(25:30 / Allies) LeTigreBolivien: have fun now
(25:32 / Allies) Pizarro: Fucking thief
(25:34 / Allies) pakforce123: sopmeone gold me damint
(25:50 / Allies) pakforce123: woo
(25:50 / Allies) Pizarro: tp to my base
(25:51 / Allies) GOD_HAND_RIKKU: there ug o pal
(25:52 / Allies) pakforce123: oj
(25:53 / Allies) pakforce123: wtf man
(25:54 / Allies) pakforce123: 100
(26:01 / Allies) pakforce123: what are u keeping the gold for really?
(26:04 / Allies) GOD_HAND_RIKKU: let me rape expo first
(26:13 / All) GOD_HAND_RIKKU: fu yellow!!!!!!
(26:14 / Allies) pakforce123: send your peons away
(26:35 / All) TeamkillerCrew: I killed his heroes
(26:39 / All) TeamkillerCrew: I wanted my TOWERS to kill that base
(26:41 / All) TeamkillerCrew: Not his units
(26:42 / Allies) pakforce123: wood plz
(26:46 / All) TeamkillerCrew: Who watns free xp?
(26:54 / All) TeamkillerCrew: Nice big blue army for you
(27:17 / Allies) pakforce123: purpldwoods
(27:43 / All) pakforce123: WOODSSS
(28:44 / All) GOD_HAND_RIKKU: aye
(28:47 / All) GOD_HAND_RIKKU: it is called hold yellow
(29:19 / Allies) pakforce123: wtf
(29:27 / Allies) pakforce123: u guys playing mine game
(29:28 / Allies) GOD_HAND_RIKKU: be good
(29:30 / Allies) GOD_HAND_RIKKU: and u play
(29:38 / Allies) pakforce123: oj
(29:43 / Allies) pakforce123: next time
(30:38 / All) GOD_HAND_RIKKU: wtf
(30:43 / All) GOD_HAND_RIKKU: why no fight
(30:51 / Allies) pakforce123: oj red
(30:56 / All) GOD_HAND_RIKKU: yes?
(30:57 / Allies) pakforce123: next game i fukin tk u bastards
(31:01 / Allies) Pizarro: lol
(31:01 / All) GOD_HAND_RIKKU: what?
(31:02 / Allies) Pizarro: Sure you will
(31:15 / All) GOD_HAND_RIKKU: i just heard a neq quote from mk
(31:17 / All) GOD_HAND_RIKKU: wtf
(31:39 / All) GOD_HAND_RIKKU: take dese boots
(31:47 / All) TeamkillerCrew: Two still here
(31:57 / All) GOD_HAND_RIKKU: the spic
(32:00 / All) TeamkillerCrew: I got +6 boots if you want them too
(32:02 / All) GOD_HAND_RIKKU: and the guy we did in earlier
(32:14 / All) Pizarro: that would give me 50 agil if not for him taking agil tome
(32:16 / All) GOD_HAND_RIKKU: yellow did u win that game
(32:17 / All) GOD_HAND_RIKKU: ?
(32:18 / All) TeamkillerCrew: I dropped them right of my towrs that side
(32:25 / All) GOD_HAND_RIKKU: it was purp who did
(32:30 / All) TeamkillerCrew: the other towers
(32:31 / All) GOD_HAND_RIKKU: purp is seriously a spic prick
(32:36 / All) TeamkillerCrew: near the old ne base
(33:02 / All) TeamkillerCrew: I'll just tp to it and bring them to you there
(33:13 / All) GOD_HAND_RIKKU: i think he means there
(33:18 / Allies) Pizarro: o
(35:05 / All) TeamkillerCrew: lawl I wasn't going to kill it
(37:24 / All) Pizarro: lawl
(37:27 / All) Pizarro: I just spazzed
(37:29 / All) TeamkillerCrew: LEVEL UP!
(37:31 / All) Pizarro: I realzieD I din't have tp
(37:43 / All) Pizarro: and then I was like oh shit
(37:47 / All) Pizarro: trying to hit w
(37:51 / All) Pizarro: and clicked off my bm
(39:35 / All) GOD_HAND_RIKKU: from peru?
(39:46 / All) Pizarro: I believe he's from Bolivia
(42:52 / All) TeamkillerCrew: Yellow doesn't get what is going on
(42:56 / All) TeamkillerCrew: No
(42:57 / All) GOD_HAND_RIKKU: he should lol
(42:57 / All) TeamkillerCrew: It's not over
(43:01 / All) TeamkillerCrew: Don't worry
(43:06 / All) TeamkillerCrew: You and purple will have equal chances of winning
(43:11 / All) TeamkillerCrew: Orange red and I were in it together
(43:16 / All) TeamkillerCrew: We are killing everything including our own units
(43:19 / All) TeamkillerCrew: Nothing will be left
(43:23 / All) TeamkillerCrew: The last one to leave will leave victorious
(43:25 / All) TeamkillerCrew: Sound fair?
(43:29 / All) TeamkillerCrew: Leave your computer on all night
(43:31 / All) TeamkillerCrew: and you get the win
(45:20 / All) Pizarro: I didn't make one unit this game past my 4 grunts
(45:24 / All) GOD_HAND_RIKKU: lol
(45:25 / All) TeamkillerCrew: I TOLD YOU PIECE OF SHIT YELLOW
(45:31 / All) TeamkillerCrew: You have an EQUAL chance of winning to purple
(45:42 / All) GOD_HAND_RIKKU: we fucking did this to yellow 5 hours ago
(45:52 / All) TeamkillerCrew: Now he gets to do it again
(45:57 / All) TeamkillerCrew: duke it out for the win with purple
(46:15 / All) TeamkillerCrew: Shit I almost forgot a farm
(46:23 / All) TeamkillerCrew: I got it with sappers
(46:35 / All) TeamkillerCrew: My side is done
(46:54 / All) TeamkillerCrew: Good luck everyone
(47:07 / All) TeamkillerCrew: FUCK
(47:25 / All) Pizarro: Can you leave it on over night?
(47:30 / All) TeamkillerCrew: Okay lol
(47:33 / All) Pizarro: lol
(47:37 / All) TeamkillerCrew: I can't believe I will be in a standoff
(47:41 / All) Pizarro: lol
(47:49 / All) Pizarro: Yellow knew what was up
(47:54 / All) Pizarro: we put him in one earlier
(48:20 / All) TeamkillerCrew: Does purple try in standoffs?
(48:22 / All) TeamkillerCrew: Or just leave?
(48:24 / All) Pizarro: Now we get to know what tehy say tho
(48:27 / All) GOD_HAND_RIKKU: hes a spic
(48:29 / All) GOD_HAND_RIKKU: he'll stay
(48:32 / All) GOD_HAND_RIKKU: spics gotta make a living
(48:57 / All) GOD_HAND_RIKKU: aim